 Dungeon Crawl Stone Soup version 0.29-a0-43-g62a80824bf (webtiles) character file.

Game seed: 3560928784070504184

2020 HallandMoats the Skirmisher (level 9, 0/56 HPs)
             Began as a Gargoyle Fighter on Feb 2, 2022.
             Was a Priest of Dithmenos.
             Slain by an unseen horror (2 damage)
             ... on level 6 of the Dungeon.
             The game lasted 00:07:08 (6111 turns).

HallandMoats the Skirmisher (Gargoyle Fighter)      Turns: 6111, Time: 00:07:08

Health: 0/56       AC: 16    Str: 27    XL:     9   Next: 23%
Magic:  13/13      EV: 14    Int: 10    God:    Dithmenos [***...]
Gold:   275        SH:  5    Dex: 11    Spells: 8/8 levels left

rFire   . . .      SeeInvis .   a - +0 war axe
rCold   . . .      Faith    .   c - +0 buckler
rNeg    + . .      Spirit   .   b - +0 scale mail
rPois   ∞          Reflect  .   (no helmet)
rElec   +          Harm     .   i - +1 cloak of Starlight {*Dazzle EV+4 Stlth--}
rCorr   .          Rampage  .   (no gloves)
Will    .....                   (no boots)
Stlth   ..........              (no amulet)
HPRegen 0.18/turn               w - +6 ring of strength
MPRegen 0.13/turn               (no ring)

@: wreathed by umbra
A: sickness immunity, AC +6, negative energy resistance 1, electricity
resistance, torment resistance 1, petrification resistance
a: Renounce Religion, Shadow Step


You were on level 6 of the Dungeon.
You worshipped Dithmenos.
Dithmenos was most pleased with you.
You visited 1 branch of the dungeon, and saw 6 of its levels.

You collected 275 gold pieces.

Inventory:

Hand Weapons
 a - a +0 war axe (weapon)
Armour
 b - a +0 scale mail (worn)
 c - a +0 buckler (worn)
 i - the +1 cloak of Starlight (worn) {*Dazzle EV+4 Stlth--}
   (You acquired it on level 4 of the Dungeon)

   It may blind those who miss an attack against the wearer in melee combat.
   EV:        It affects your evasion (+4).
   Stlth:     It makes you much less stealthy.
Jewellery
 w - a +6 ring of strength (left hand)
Wands
 v - a wand of iceblast (3)
Scrolls
 e - a scroll of enchant weapon
 f - 2 scrolls of immolation
 k - a scroll of enchant armour
 n - 2 scrolls of teleportation
 s - a scroll of fog
 t - a scroll of fear
Potions
 d - a potion of might
 g - a potion of mutation {unknown}
 h - a potion of brilliance {unknown}
 l - 2 potions of curing
 m - a potion of cancellation {unknown}
 o - a potion of berserk rage {unknown}
 q - a potion of lignification {unknown}
 r - 2 potions of heal wounds
 u - 2 potions of haste {unknown}
 z - a potion of flight {unknown}


   Skills:
 * Level 6.9 Fighting
 * Level 5.3 Axes
 + Level 5.3 Armour
 + Level 3.0 Dodging
 + Level 5.4 Shields
 * Level 5.8 Invocations


You had 8 spell levels left.
You didn't know any spells.
Your spell library contained the following spells:

 Spells                   Type           Power      Damage    Failure   Level
 Corpse Rot               Necr/Air       0%         N/A       83%         2
 Poisonous Vapours        Pois/Air       0%         N/A       83%         2


Dungeon Overview and Level Annotations

Branches:
Dungeon (6/15)             Temple (0/1) D:5

Altars:
Dithmenos
Fedhas
Hepliaklqana
Makhleb
Wu Jian
Yredelemnul

Shops:
D:5 (


Innate Abilities, Weirdness & Mutations

You are immune to sickness and miasma.
Your stone body is resilient. (AC +6)
You are immune to poison.
You resist negative energy. (rN+)
You are resistant to electric shocks. (rElec)
You are resistant to unholy torment.
You are immune to petrification.


Message History

Dithmenos accepts your kill.
Reactivating autopickup.
You feel a bit more experienced.
Found a scroll of teleportation.
Found a stone staircase leading up.
Things that are here:
a +0 flail; a sky beast corpse
Things that are here:
a +0 dagger; a +0 robe Something hits you but does no damage.
Deactivating autopickup; reactivate with Ctrl-A.
Something hits you but does no damage. Something hits you but does no damage.
Something hits you but does no damage. Something hits you but does no damage.
Something hits you. Something barely misses you. Something hits you.
Something hits you. You block something's attack. Something hits you.
Something hits you. Something hits you but does no damage.
Something hits you but does no damage.
You closely miss something. Something hits you.
* * * LOW HITPOINT WARNING * * *
Something hits you.
* * * LOW HITPOINT WARNING * * *
Something hits you but does no damage.
You miss something.
Something hits you but does no damage. x2
You closely miss something. Something hits you but does no damage.
Something hits you.
* * * LOW HITPOINT WARNING * * *
Something hits you but does no damage.
You hit something. Something hits you but does no damage. Something hits you.
* * * LOW HITPOINT WARNING * * *
Something hits you but does no damage.
You closely miss something. Something hits you but does no damage.
Something hits you.
* * * LOW HITPOINT WARNING * * *
Something barely misses you.
You miss something. Something hits you.
You die...

..#.≈≈≈≈≈≈###.##### #....
###≈≈≈≈≈≈≈###.# #### #.#.#
###########..# #..# ##.#.#
#......#.##.## #..# #....#
##......#.##.# #..# #....###
......).#.?..#### #.?# ##....)#.
.#......###....<# #..###......).
###...#..###....#####......?..)).
####..#>........@{...............
..##.......[....#####.....)......
........###......###.............
#..###.####......##..#...........
##..##...##....#..#.##...........
##.##.#..#....^...>.##..........
#....##.#.##.#.#...##..........
######......##.#......)........#.
.....................)†.......#


There were no monsters in sight!

Vanquished Creatures
  The ghost of axecop the Skirmisher, an amateur HOWn of Beogh (D:5)
  A water moccasin (D:4)
  An orc warrior (D:6)
  An ice beast (D:6)
  A sky beast (D:6)
  An ogre (D:4)
  A centaur (D:5)
  A phantom (D:6)
  A bullfrog (D:5)
  A kobold brigand (D:6)
  4 scorpions
  A water moccasin zombie (D:5)
  A wyvern zombie (D:5)
  A bullfrog zombie (D:6)
  2 centaur skeletons
  3 jellies
  2 hounds
  An orc priest (D:6)
  Jessica (D:2)
  A bullfrog skeleton (D:6)
  Natasha (twice) (D:2)
  4 iguanas
  4 orc wizards
  A hound zombie (D:5)
  A hound skeleton (D:5)
  5 adders
  A howler monkey skeleton (D:5)
  4 worms
  4 dart slugs
  16 orcs
  8 bats
  7 endoplasms
  2 giant cockroaches (D:2)
  5 hobgoblins
  2 quokkas (D:1)
  9 ball pythons
  12 frilled lizards
  7 goblins
  14 kobolds
  4 rats
139 creatures vanquished.

Vanquished Creatures (others)
  A plant (D:3)
1 creature vanquished.

Grand Total: 140 creatures vanquished

Notes
Turn   | Place    | Note
-------+----------+-------------------------------------------
     0 | D:1      | HallandMoats the Gargoyle Fighter began the quest for the
                  | Orb.
     0 | D:1      | Reached XP level 1. HP: 14/14 MP: 1/1
    69 | D:1      | Reached XP level 2. HP: 19/19 MP: 2/2
   513 | D:1      | Reached skill level 1 in Invocations
   566 | D:1      | Reached XP level 3. HP: 23/23 MP: 3/3
   655 | D:1      | Found a faded altar of an unknown god.
   823 | D:1      | Prayed at the altar of an unknown god.
   823 | D:1      | Became a worshipper of Dithmenos the Shadowed
   823 | D:1      | Reached * piety under Dithmenos
  1182 | D:2      | Reached XP level 4. HP: 29/29 MP: 5/5
  1332 | D:2      | Noticed Natasha
  1342 | D:2      | Killed Natasha
  1343 | D:2      | Reached skill level 4 in Fighting
  1535 | D:2      | Found a blossoming altar of Fedhas.
  1609 | D:2      | Noticed Natasha
  1622 | D:2      | Killed Natasha
  1623 | D:2      | Reached XP level 5. HP: 4/33 MP: 6/6
  1892 | D:2      | Noticed Jessica
  1898 | D:2      | Killed Jessica
  1899 | D:2      | Reached skill level 1 in Dodging
  2081 | D:2      | Reached ** piety under Dithmenos
  2299 | D:3      | Found a hazy altar of Hepliaklqana.
  3111 | D:4      | Identified a scroll of acquirement
  3113 | D:4      | Acquired the +1 cloak of Starlight {*Dazzle EV+4 Stlth--}
  3113 | D:4      | Found the +1 cloak of Starlight {*Dazzle EV+4 Stlth--}
  3157 | D:4      | Noticed a water moccasin
  3168 | D:4      | Killed a water moccasin
  3169 | D:4      | Reached XP level 6. HP: 30/39 MP: 6/8
  3445 | D:4      | Reached XP level 7. HP: 35/44 MP: 9/9
  3514 | D:4      | Reached skill level 5 in Fighting
  4281 | D:5      | Entered Level 5 of the Dungeon
  4454 | D:5      | Reached XP level 8. HP: 46/50 MP: 11/11
  4538 | D:5      | Reached *** piety under Dithmenos
  4568 | D:5      | Found a burning altar of Makhleb.
  4578 | D:5      | Found a runed translucent gate.
  4578 | D:5      | Found a runed translucent gate.
  4579 | D:5      | Found a runed translucent gate.
  4582 | D:5      | Noticed axecop's ghost (amateur HOWn)
  4650 | D:5      | Found a basalt altar of Yredelemnul.
  4666 | D:5      | Found a staircase to the Ecumenical Temple.
  4838 | D:5      | Found Kecziw's Antique Weapon Boutique.
  5303 | D:5      | Killed axecop's ghost
  5304 | D:5      | Reached skill level 6 in Fighting
  5389 | D:6      | Reached skill level 5 in Shields
  5389 | D:6      | Reached skill level 5 in Invocations
  5540 | D:6      | Reached skill level 5 in Armour
  5589 | D:6      | Reached skill level 5 in Axes
  5619 | D:6      | Reached XP level 9. HP: 56/56 MP: 13/13
  5996 | D:6      | Found an ornate altar of the Wu Jian Council.
  6110 | D:6      | HP: 1/56 [something (2)]
  6111 | D:6      | Slain by an unseen horror

Illustrated notes

Levels and vault maps discovered:
D:1:      erik_arrival_blinker_ship, layout_basic, basic_ecumenical_altar,
          kennysheep_doodads, grunt_decor_fettered, minivault_5
D:2:      layout_loops_ring, basic_altar, chequers_mini_garden,
          chequers_serial_rivers_small_a, minmay_lizard_pond, uniq_jessica,
          uniq_natasha
D:3:      layout_basic, nicolae_hepliaklqana_hazy_memory
D:4:      layout_loops_cross
D:5:      layout_basic, lemuel_round_altar, lemuel_zombie_altar_yredelemnul,
          minmay_temple_entry_offerings, ebering_ghost_rock_garden,
          serial_shops, shop
D:6:      layout_rooms, nzn_wu_jian_contemplation, lemuel_tele_altar, uniq_pikel

Skill      XL: |  1  2  3  4  5  6  7  8  9 |
---------------+----------------------------+-----
Axes           | 2 3 4 5 |  5.3
Invocations    | 1 2 3 4 5 |  5.8
Fighting       | 4 5 6 |  6.9
Dodging        | 1 2 3 |  3.0
Shields        | 4 5 |  5.4
Armour         | 4 5 |  5.3

Action                   |  1- 3 |  4- 6 |  7- 9 || total
-------------------------+-------+-------+-------++-------
Melee: War axe           |   101 |   136 |   232 ||   469
  Use: Scroll            |       |     6 |     6 ||    12
       Potion            |       |       |     1 ||     1
 Stab: Invisible         |       |       |     7 ||     7
Armor: Scale mail        |    54 |    57 |   113 ||   224
Dodge: Dodged            |    55 |    78 |   167 ||   300
Block: Buckler           |    23 |    31 |    58 ||   112

Table legend: (Time is in decaauts)
 A = Elapsed time spent in this place.
 B = Non-inter-level travel time spent in this place.
 C = Inter-level travel time spent in this place.
 D = Time resting spent in this place.
 E = Time spent auto-exploring this place.
 F = Levels seen in this place.
 G = Mean time per level.
                   A        B        C        D        E       F      G
               +--------+--------+--------+--------+--------+-----+--------+
         Total |   6290 |   6096 |    194 |    693 |   4296 |   6 | 1048.3 |
       Dungeon |   6290 |   6096 |    194 |    693 |   4296 |   6 | 1048.3 |
               +--------+--------+--------+--------+--------+-----+--------+

Top non-repeatable levels by time:
     D:2: 1339 daAuts
     D:4: 1205 daAuts
     D:5: 1124 daAuts
     D:1: 956 daAuts
     D:3: 897 daAuts
     D:6: 766 daAuts
